 Dungeon Crawl Stone Soup version 0.30-a0-304-gdc4b735fe1 (webtiles) character file.

Game seed: 9576924619520650470

7471 quakins the Prestidigitator (level 11, -12/81 HPs)
             Began as a Barachi Summoner on Oct 20, 2022.
             Was a Believer of Hepliaklqana.
             Killed from afar by an acid dragon (33 damage)
             ... with a splash of acid
             ... on level 10 of the Dungeon.
             The game lasted 00:33:13 (9189 turns).

quakins the Prestidigitator (Barachi Summoner)      Turns: 9189, Time: 00:33:14

Health: -12/81     AC:  3    Str:  9    XL:     11   Next: 15%
Magic:  16/20      EV: 12    Int: 27    God:    Hepliaklqana [**....]
Gold:   325        SH:  5    Dex: 12    Spells: 8/23 levels left

rFire   . . .      SeeInvis +    E - +5 mace of Chaos {vorpal, rPois Stlth+}
rCold   . . .      Faith    .    C - +0 buckler
rNeg    . . .      Spirit   .    a - +0 robe
rPois   +          Reflect  .    (no helmet)
rElec   .          Harm     .    (no cloak)
rCorr   .          Rampage  .    s - +0 pair of gloves
Will    .....                    (no boots)
Stlth   +++.......               u - amulet of magic regeneration
HPRegen 0.33/turn                c - ring of see invisible
MPRegen 0.57/turn                g - +6 ring of intelligence

@: unable to hop, studying Staves, slow
A: reduced essence, amphibious, slowness 1, strong legs 1, +LOS
a: Hop, Renounce Religion, Recall Ancestor, Ancestor Identity


You were on level 10 of the Dungeon.
You worshipped Hepliaklqana.
Hepliaklqana was pleased with you.
You visited 2 branches of the dungeon, and saw 11 of its levels.

You collected 645 gold pieces.
You spent 320 gold pieces at shops.

Inventory:

Hand Weapons
 E - the +5 mace of Chaos (weapon) {vorpal, rPois Stlth+}
   (You found it on level 4 of the Dungeon)

   It inflicts extra damage upon your enemies.
   rPois:     It protects you from poison.
   Stlth:     It makes you more stealthy.
Missiles
 i - 11 datura-tipped darts
 A - 5 curare-tipped darts
 B - 14 poisoned darts
 K - a throwing net
Armour
 a - a +0 robe (worn)
 s - a +0 pair of gloves (worn)
 C - a +0 buckler (worn)
Jewellery
 c - a ring of see invisible (left hand)
 g - a +6 ring of intelligence (right hand)
 m - a ring of protection from fire
 u - an amulet of magic regeneration (around neck)
 F - an amulet of regeneration
 L - a ring of wizardry
 N - a ring of fire
Wands
 v - a wand of mindburst (12)
 G - a wand of charming (8)
 J - a wand of iceblast (12)
 O - a wand of quicksilver (6)
Scrolls
 d - a scroll of summoning
 f - 2 scrolls of amnesia {unknown}
 h - 3 scrolls of magic mapping {unknown}
 j - 3 scrolls of enchant armour
 k - a scroll of fear {unknown}
 l - 3 scrolls of butterflies
 o - 6 scrolls of teleportation
 p - 4 scrolls of vulnerability {unknown}
 t - 3 scrolls of enchant weapon {unknown}
 w - a scroll of brand weapon {unknown}
 x - a scroll of noise {unknown}
 y - a scroll of blinking {unknown}
 I - a scroll of silence {unknown}
 M - a scroll of poison {unknown}
 P - a scroll of immolation {unknown}
Potions
 b - 2 potions of magic
 e - a potion of brilliance {unknown}
 n - 5 potions of heal wounds
 q - 2 potions of flight
 r - 3 potions of lignification {unknown}
 z - 4 potions of curing {unknown}
 H - a potion of attraction {unknown}


   Skills:
 - Level 10.0 Fighting
 - Level 1.3 Short Blades
 - Level 1.4 Maces & Flails
 - Level 1.3 Polearms
 - Level 1.2 Ranged Weapons
 - Level 2.1 Dodging
 - Level 1.7 Stealth
 - Level 6.6 Shields
 + Level 6.5 Spellcasting
 - Level 1.4 Conjurations
 - Level 7.0 Summonings
 - Level 1.1 Necromancy
 - Level 1.9 Translocations
 - Level 1.4 Transmutations
 - Level 1.3 Fire Magic
 - Level 1.5 Ice Magic
 - Level 1.3 Air Magic
 - Level 1.3 Earth Magic
 - Level 1.3 Poison Magic
 - Level 1.0 Invocations
 - Level 10.0 Evocations


You had 8 spell levels left.
You knew the following spells:

 Your Spells              Type           Power      Damage    Failure   Level
a - Summon Small Mammal   Summ           100%       N/A       1%          1
b - Call Imp              Summ           46%        N/A       1%          2
c - Call Canine Familiar  Summ           46%        N/A       1%          3
d - Summon Guardian Gole  Hex/Summ       27%        N/A       5%          3
e - Summon Lightning Spi  Summ/Air       31%        N/A       14%         4
f - Blink                 Tloc           38%        N/A       5%          2

Your spell library contained the following spells:

 Spells                   Type           Power      Damage    Failure   Level
 Kiss of Death            Conj/Necr      60%        2d10      4%          1
 Momentum Strike          Conj/Tloc      36%        3d9       6%          2
 Gell's Gravitas          Tloc           19%        N/A       11%         3
 Lesser Beckoning         Tloc           38%        N/A       11%         3
 Teleport Other           Tloc           19%        N/A       11%         3
 Confusing Touch          Hex            8%         N/A       24%         3
 Dispel Undead            Necr           14%        3d10      43%         4
 Dispersal                Tloc           9%         N/A       99%         6


Dungeon Overview and Level Annotations

Branches:
Dungeon (10/15)            Temple (1/1) D:6
   Lair: D:8-11         Orc: D:9-12

Altars:
Ashenzari
Cheibriados
Dithmenos
Elyvilon
Fedhas
Gozag
Hepliaklqana
Kikubaaqudgha
Makhleb
Nemelex Xobeh
Okawaru
Qazlal
Ru
Sif Muna
Uskayaw
Vehumet
Wu Jian
Xom
Yredelemnul
Zin
The Shining One

Shops:
D:9 *:*

Annotations:
D:5 1 runed translucent door, Darkkill's ghost, novice GnHu
D:6 2 transporters


Innate Abilities, Weirdness & Mutations

Your life essence is reduced to manifest your ancestor. (-10% HP)
You are amphibious.
You cover ground slowly.
You can hop short distances.
You have an extended range of vision and can be seen from far away.


Message History

Your crimson imp hits the troll but does no damage.
The troll bites your crimson imp.
The troll closely misses your crimson imp.
The troll claws your crimson imp!
The orc wizard casts a spell.
The orc wizard flickers and vanishes for a moment.
An acid dragon comes into view.
The acid dragon roars!
Your crimson imp hits the troll.
The troll misses your crimson imp. The troll claws your crimson imp.
The troll barely misses your crimson imp.
Your crimson imp hits the troll but does no damage.
The acid dragon attacks as you move away!
The acid dragon barely misses you. The acid dragon claws you.
Something bites your crimson imp!
Your crimson imp dies!
Your crimson imp disappears in a puff of smoke!
The acid dragon bites you. The acid dragon barely misses you.
Casting: Summon Guardian Golem (dangerous; 5% risk of failure)
Confirm with . or Enter, or press ? or * to list all spells.
The acid dragon barely misses you. The acid dragon closely misses you.
The acid dragon attacks as you move away!
The acid dragon bites you. You block the acid dragon's attack.
Casting: Summon Small Mammal (safe; 1% risk of failure)
Press: ? - help, Q - select action, (/) - cycle Dir - look around, f - activate Your hound bites the acid dragon. x2; Something bites your guardian golem!
Something claws your guardian golem!
Your guardian golem is destroyed!
Your guardian golem disappears in a puff of smoke!
The acid dragon bites you!
* * * LOW HITPOINT WARNING * * *
The acid dragon claws you but does no damage.
Okay, then.
Hop to where?
Press: ? - help, Dir - move target Boing!
Your hound bites the acid dragon but does no damage.
The acid dragon spits acid at you. The splash of acid hits you!!
You die...

# ...# ###.# .... ...#
#+#..# #.# #@#..# .#
#.. #.#..# #.# #.<
#.#..# #.# #..
#.#..#####.#####..
#○#...............
#####D#.### #.##.#...
#...rhT...# #.)T.....
#.###.#o#.####T##.#..#
#.#...§o.[........


You could see a troll, an acid dragon (catching breath, ally target), a friendly
hound (summoned) and a friendly quokka (summoned).

Vanquished Creatures
  A two-headed ogre (D:4)
  An orc warrior (D:4)
  A necrophage (D:4)
  2 wights (D:8)
  A jelly (D:5)
  A hound (D:7)
  2 iguanas
  An orc wizard (D:6)
  2 adders (D:4)
  A white imp (D:5)
  An orc (D:8)
  3 ball pythons
  4 bats
  An endoplasm (D:1)
  A goblin (D:1)
  2 hobgoblins
  3 quokkas
  A frilled lizard (D:2)
  3 kobolds
  2 rats
34 creatures vanquished.

Vanquished Creatures (collateral kills)
  7 yaks
  3 wyverns
  A basilisk (D:10)
  A steam dragon (D:7)
  2 water moccasins
  An ice beast (D:5)
  2 black bears
  An orc warrior (D:10)
  3 ogres
  A wolf (D:8)
  A kobold brigand (D:9)
  2 gnoll sergeants
  A necrophage (D:7)
  2 scorpions
  4 wights (D:8)
  3 killer bees
  A hound (D:7)
  An orc priest (D:8)
  3 iguanas (D:6)
  4 orc wizards
  A statue (D:6)
  3 gnolls (D:8)
  4 adders
  A shadow imp (D:6)
  A white imp (D:6)
  An ufetubus (D:5)
  6 dart slugs
  A worm (D:5)
  20 orcs
  7 endoplasms
  A giant cockroach (D:1)
  2 hobgoblins
  3 jackals
  11 kobolds
  4 quokkas
  3 ball pythons
  5 bats
  6 frilled lizards
  8 goblins
  4 rats
136 creatures vanquished.

Vanquished Creatures (others)
  2 two-headed ogres
  A troll (D:10)
  5 yaks
  Grum (D:8)
  2 centaurs
  A wolf (D:8)
  4 wights (D:8)
  A knight (D:10)
  5 ancestors
  An ufetubus (D:7)
  A withered plant (D:9)
24 creatures vanquished.

Grand Total: 194 creatures vanquished

Notes
Turn   | Place    | Note
-------+----------+-------------------------------------------
     0 | D:1      | quakins the Barachi Summoner began the quest for the Orb.
     0 | D:1      | Reached XP level 1. HP: 13/13 MP: 3/3
   319 | D:1      | Reached XP level 2. HP: 19/19 MP: 2/5
   477 | D:1      | Learned a level 2 spell: Call Imp
   867 | D:1      | Reached XP level 3. HP: 18/24 MP: 2/8
   871 | D:1      | Learned a level 3 spell: Call Canine Familiar
  1712 | D:2      | Reached skill level 1 in Maces & Flails
  1792 | D:2      | Reached XP level 4. HP: 30/30 MP: 7/10
  2028 | D:2      | Learned a level 3 spell: Summon Guardian Golem
  2553 | D:3      | Found a broken altar of Ashenzari.
  2628 | D:3      | Reached skill level 5 in Summonings
  2886 | D:3      | Reached XP level 5. HP: 35/35 MP: 3/11
  3014 | D:3      | Found a hide-covered altar of Uskayaw.
  3751 | D:4      | Found a shadowy altar of Dithmenos.
  3849 | D:4      | Identified the +5 mace of Chaos {vorpal, rPois Stlth+}
  4085 | D:4      | Noticed a two-headed ogre
  4133 | D:4      | Killed a two-headed ogre
  4134 | D:4      | Reached XP level 6. HP: 14/41 MP: 5/12
  4134 | D:4      | Reached XP level 7. HP: 16/46 MP: 5/13
  4287 | D:4      | Reached skill level 1 in Shields
  4343 | D:4      | Reached XP level 8. HP: 31/52 MP: 14/14
  4535 | D:5      | Entered Level 5 of the Dungeon
  4834 | D:5      | Found a runed translucent door.
  4840 | D:5      | Noticed Darkkill's ghost (novice GnHu)
  5599 | D:6      | Found a transporter.
  5677 | D:6      | Reached skill level 5 in Shields
  5780 | D:6      | Found a transporter.
  5845 | D:6      | Reached XP level 9. HP: 57/57 MP: 10/15
  5854 | D:6      | Found a staircase to the Ecumenical Temple.
  5877 | Temple   | Entered the Ecumenical Temple
  5905 | Temple   | Became a worshipper of Hepliaklqana the Forgotten
  6309 | D:6      | Found a radiant altar of Vehumet.
  6498 | D:7      | Learned a level 4 spell: Summon Lightning Spire
  6517 | D:7      | Found a stormy altar of Qazlal.
  7051 | D:8      | Reached * piety under Hepliaklqana
  7133 | D:8      | Reached skill level 10 in Evocations
  7134 | D:8      | Reached skill level 1 in Translocations
  7152 | D:8      | Noticed Grum
  7163 | D:8      | Reached skill level 1 in Conjurations
  7163 | D:8      | Reached skill level 1 in Ice Magic
  7168 | D:8      | Reached skill level 1 in Short Blades
  7168 | D:8      | Reached skill level 1 in Polearms
  7168 | D:8      | Reached skill level 1 in Transmutations
  7168 | D:8      | Reached skill level 1 in Fire Magic
  7168 | D:8      | Reached skill level 1 in Air Magic
  7168 | D:8      | Reached skill level 1 in Earth Magic
  7168 | D:8      | Reached skill level 1 in Poison Magic
  7168 | D:8      | Killed Grum
  7169 | D:8      | Reached skill level 1 in Ranged Weapons
  7183 | D:8      | Reached skill level 1 in Necromancy
  7251 | D:8      | Reached skill level 1 in Invocations
  7251 | D:8      | Reached XP level 10. HP: 43/56 MP: 13/16
  7316 | D:8      | Reached skill level 1 in Fighting
  8019 | D:8      | Found an ornate altar of the Wu Jian Council.
  8019 | D:8      | Found a sparkling altar of Nemelex Xobeh.
  8083 | D:9      | Found a basalt altar of Yredelemnul.
  8098 | D:9      | Reached skill level 5 in Fighting
  8304 | D:9      | Found a glowing golden altar of the Shining One.
  8364 | D:9      | Found Xyhab's Book Boutique.
  8404 | D:9      | Bought a book of Spatial Translocations for 320 gold pieces
  8407 | D:9      | Learned a level 2 spell: Blink
  8455 | D:9      | Found a burning altar of Makhleb.
  8518 | D:9      | Found Maiteoru's General Store.
  8610 | D:9      | Noticed a two-headed ogre
  8618 | D:9      | Killed a two-headed ogre
  8619 | D:9      | Reached skill level 10 in Fighting
  8672 | D:9      | Reached ** piety under Hepliaklqana
  8673 | D:9      | Remembered your ancestor Agawin as a knight
  8837 | D:9      | Found Rogeheff's General Store.
  8989 | D:9      | Found an ancient bone altar of Kikubaaqudgha.
  9027 | D:10     | Entered Level 10 of the Dungeon
  9080 | D:10     | Noticed a two-headed ogre
  9092 | D:10     | Killed a two-headed ogre
  9093 | D:10     | Reached skill level 5 in Spellcasting
  9093 | D:10     | Reached XP level 11. HP: 72/81 MP: 9/19
  9189 | D:10     | Killed from afar by an acid dragon

Illustrated notes

Levels and vault maps discovered:
D:1:      lemuel_arrival_cross, layout_loops_corners, minmay_cut_off
D:2:      layout_loops_ring, grunt_decor_one_mirror
D:3:      layout_loops_ring, nicolae_overflow_crystal_walls,
          mainiacjoe_overflow_six_doors_small, kennysheep_generic_room_16
D:4:      layout_rooms, mainiacjoe_overflow_concentric_impassable,
          kennysheep_cross_bottleneck, minmay_manual_mullet
D:5:      layout_cave_pools, ebering_ghost_sewer_d
D:6:      gammafunk_steamed_eel, layout_gridville, vehumet_statue,
          minmay_temple_entry_trees
D:7:      layout_rooms, nicolae_overflow_hidden_temple, amcnicky_altar_gilded
D:8:      layout_rooms, gammafunk_temple_overflow_elements, uniq_grum
D:9:      layout_loops_ring, yredelemnul_altar_generic, marbit_many_paths,
          overflow_temple_1_default, lemuel_doored_altar, serial_shops,
          kennysheep_mini, nicolae_shop_advertising_works
          [nicolae_subvault_shop_adworks], shop, hangedman_decor_slide_cut
D:10:     minmay_the_grid_plus [minmay_the_grid_rooms, minmay_the_grid_gridbox,
          minmay_the_grid_square_x, minmay_the_grid_x,
          minmay_the_grid_prize_four_corners_diamond_b], layout_basic,
          minivault_5, hangedman_tell_no_tales, uniq_psyche, uniq_nergalle,
          uniq_sonja
Temple:   hellmonk_temple_beads

Skill      XL: |  1  2  3  4  5  6  7  8  9 10 11 |
---------------+----------------------------------+-----
Spellcasting   | 3 4 5 6 |  6.5
Maces & Flails | 1 |  1.4
Summonings     | 5 7 |  7.0
Evocations     | 6 7 8 10 | 10.0
Shields        | 1 5 6 |  6.6
Translocations | 1 |  1.9
Conjurations   | 1 |  1.4
Ice Magic      | 1 |  1.5
Short Blades   | 1 |  1.3
Polearms       | 1 |  1.3
Transmutations | 1 |  1.4
Fire Magic     | 1 |  1.3
Air Magic      | 1 |  1.3
Earth Magic    | 1 |  1.3
Poison Magic   | 1 |  1.3
Ranged Weapons | 1 |  1.2
Necromancy     | 1 |  1.1
Invocations    | 1 |  1.0
Fighting       | 10 | 10.0
Dodging        | |  2.1
Stealth        | |  1.7

Action                   |  1- 3 |  4- 6 |  7- 9 | 10-12 || total
-------------------------+-------+-------+-------+-------++-------
Melee: Unarmed           |     2 |       |       |       ||     2
       Whip              |    42 |    14 |       |       ||    56
       Long sword        |     1 |       |       |       ||     1
       Punch             |     1 |       |       |       ||     1
       Mace              |       |       |    53 |     6 ||    59
 Cast: Summon Small Mamm |    45 |    20 |    45 |    39 ||   149
       Call Imp          |    11 |    13 |    25 |    17 ||    66
       Call Canine Famil |     3 |    23 |    24 |    19 ||    69
       Summon Guardian G |       |     4 |    18 |    18 ||    40
Invok: Ancestor Life: Kn |       |       |       |     1 ||     1
       Ancestor Identity |       |       |       |     1 ||     1
 Abil: Hop               |       |     2 |     1 |     2 ||     5
Evoke: Wand              |       |     2 |       |       ||     2
  Use: Scroll            |       |     3 |       |     3 ||     6
 Stab: Sleeping          |     1 |       |       |       ||     1
Armor: Robe              |    22 |     5 |     8 |     3 ||    38
Dodge: Dodged            |    72 |    23 |    53 |    25 ||   173
Block: Buckler           |       |       |    14 |     5 ||    19

Table legend: (Time is in decaauts)
 A = Elapsed time spent in this place.
 B = Non-inter-level travel time spent in this place.
 C = Inter-level travel time spent in this place.
 D = Time resting spent in this place.
 E = Time spent auto-exploring this place.
 F = Levels seen in this place.
 G = Mean time per level.
                   A        B        C        D        E       F      G
               +--------+--------+--------+--------+--------+-----+--------+
         Total |  10374 |   9945 |    429 |    669 |   6982 |  11 |  943.1 |
       Dungeon |  10245 |   9816 |    429 |    669 |   6887 |  10 | 1024.5 |
        Temple |    128 |    128 |      0 |      0 |     94 |   1 |  128.0 |
               +--------+--------+--------+--------+--------+-----+--------+

Top non-repeatable levels by time:
     D:1: 1829 daAuts
     D:4: 1202 daAuts
     D:3: 1154 daAuts
     D:8: 1145 daAuts
     D:5: 1107 daAuts
     D:9: 1095 daAuts
     D:2: 945 daAuts
     D:6: 875 daAuts
     D:7: 715 daAuts
    D:10: 175 daAuts
  Temple: 128 daAuts
